Map: Glittering Ashes LE

Players

KrugerRand

  • Race: Zerg Zerg
  • League: Master

PharMer - Winner!

  • Race: Protoss Protoss

VOD

Have the link to the VOD?

Description

Placement matches, wanting to elevate my ladder game from non existent to plat & Beyond

Time

  • Played on: April 26, 2022, 8:50 p.m.
  • Length: 10:53
Show
View Real Time Build Order
Export as new Build Order

KrugerRand Zerg 

Build Orders: Pool First 

Get SALT Encoding   

  12  0:23  Spawning Pool  
  12  0:26  Drone  
  12  0:28  Drone  
  13  0:31  Drone  
  14  0:40  Extractor  
  14  0:42  Drone  
  14  0:49  Overlord  
  14  1:01  Evolution Chamber  
  13  1:04  Drone  
  14  1:13  Zergling x2  
  14  1:15  Queen  
  17  1:32  Zergling x2  
  18  1:42  Zergling x2  
  19  2:11  Hatchery  
  19  2:14  Zergling x6  
  15  3:31  Zergling x10  
  15  3:32  Zergling x6  
  23  3:34  Zerg Melee Weapons Level 1  
  23  3:37  Zergling x2  
  23  3:38  Zergling x2  
  25  4:07  Zergling x6  
  28  4:12  Hatchery  
  28  4:13  Drone, Overlord x2  
  18  5:08  Zergling x2  
  18  5:09  Zergling x4  
  18  5:13  Zergling x6  
  24  5:25  Drone  
  25  5:47  Drone x3  
  28  5:51  Drone x3  
  31  5:59  Drone  
  32  6:06  Drone, Hatchery  
  32  6:10  Drone x3  
  35  6:17  Drone  
  36  6:24  Burrow  
  36  6:27  Metabolic Boost  
  36  6:31  Lair  
  36  6:37  Drone x2  
  38  6:44  Drone x3  
  40  7:08  Zerg Ground Armor Level 1  
  40  7:10  Drone x3  
  43  7:15  Spine Crawler  
  42  7:25  Drone  
  42  7:27  Queen  
  45  7:34  Hatchery  
  44  7:37  Drone x2  
  46  7:45  Hatchery  
  46  7:48  Hatchery  
  44  7:52  Extractor  
  44  7:54  Drone x4  
  44  7:55  Drone x2  
  49  7:59  Extractor  
  49  8:05  Extractor  
  47  8:13  Spire  
  43  8:28  Hydralisk Den  
  43  8:30  Drone  
  43  8:31  Drone x2  
  45  8:45  Spine Crawler  
  44  8:52  Spine Crawler  
  44  8:54  Spine Crawler  
  42  8:59  Spine Crawler  
  41  9:04  Spine Crawler  
  41  9:05  Spine Crawler  
  41  9:07  Spine Crawler  
  38  9:13  Hydralisk x2  
  38  9:14  Hydralisk x4  
  50  9:22  Drone x3  
  53  9:26  Drone x3  
  53  9:30  Drone x2  
  58  9:51  Drone x5  
  58  9:52  Drone x3  
  66  9:57  Overlord  
  66  9:58  Overlord  
  53  10:22  Overseer  
Show
View Real Time Build Order
Export as new Build Order

PharMer Protoss - Winner!

Build Orders:  

Get SALT Encoding   

  12  0:00  Probe  
  13  0:19  Pylon  
  13  0:21  Probe  
  14  0:33  Probe  
  15  0:38  Gateway  
  15  0:45  Probe  
  16  0:57  Probe  
  16  1:03  Assimilator  
  17  1:09  Probe  
  18  1:15  Pylon  
  18  1:48  Cybernetics Core  
  18  1:53  Nexus, Probe  
  19  2:00  Assimilator  
  19  2:05  Zealot, Probe  
  21  2:17  Probe  
  21  2:18  Warp Gate (Chrono Boost)  
  22  2:29  Probe  
  23  2:32  Stalker  
  25  2:41  Probe  
  26  2:53  Probe  
  26  2:57  Gateway  
  27  2:59  Forge  
  27  3:05  Probe  
  28  3:06  Probe  
  28  3:15  Stalker (Chrono Boost)  
  28  3:17  Probe  
  28  3:18  Probe  
  30  3:30  Probe  
  31  3:37  Stalker  
  33  3:42  Probe  
  34  3:50  Pylon  
  34  3:54  Probe  
  34  3:55  Stalker  
  37  4:06  Shield Battery, Probe  
  38  4:15  Assimilator  
  38  4:18  Assimilator  
  38  4:19  Probe  
  38  4:20  Robotics Facility  
  39  4:31  Probe  
  40  4:36  Stalker  
  40  4:38  Zealot  
  42  4:43  Probe  
  39  4:53  Photon Cannon  
  39  4:55  Probe  
  40  5:00  Stalker  
  40  5:01  Stalker  
  44  5:07  Probe  
  44  5:11  Observer  
  46  5:17  Twilight Council  
  46  5:19  Probe  
  47  5:26  Shield Battery x2  
  47  5:31  Probe  
  47  5:32  Warp Prism  
  47  5:34  Photon Cannon  
  50  5:45  Gateway  
  50  5:49  Stalker x2  
  54  5:58  Gateway  
  54  6:02  Photon Cannon  
  54  6:09  Pylon  
  54  6:11  Resonating Glaives  
  54  6:13  Gateway  
  54  6:25  Pylon  
  54  6:27  Pylon, Observer  
  55  6:34  Pylon  
  55  6:37  Pylon  
  54  6:48  Observer  
  54  6:53  Stalker x2  
  54  6:54  Stalker x2  
  63  7:08  Dark Shrine  
  63  7:13  Gateway  
  63  7:25  Adept x2  
  63  7:26  Adept x3  
  73  7:58  Stargate x2  
  73  8:09  Nexus  
  73  8:55  Blink (Chrono Boost)  
  73  9:02  Observer  
  74  9:15  Assimilator  
  74  9:18  Probe x2  
  74  9:19  Assimilator  
  74  9:23  Pylon, Observer  
  77  9:25  Pylon  
  77  9:30  Probe x2  
  77  9:31  Dark Templar x3  
  81  9:36  Probe  
  86  9:42  Probe x2  
  88  9:48  Probe  
  89  9:54  Probe  
  89  9:55  Probe  
  91  10:00  Probe  
  91  10:06  Probe  
  94  10:07  Probe  
  94  10:13  Probe  
  95  10:14  Dark Templar x3  
  95  10:15  Dark Templar  
  95  10:16  Dark Templar  
  105  10:22  Stalker  
  105  10:25  Probe  
Tags
 
Add a new tag
Caveats
  • Supply blocks, unpowered buildings, or Contaminate may cause inaccurate times.
  • Supply counts are checked every 10 seconds.